 Dungeon Crawl Stone Soup version 0.25.0-10-g039870ee82 (webtiles) character file.

Game seed: 13142817547833169401

34 Descartes the Grasshopper (level 3, -8/33 HPs)
             Began as a Naga Warper on June 23, 2020.
             Mangled by a gnoll
             ... wielding a +0 spear
              (10 damage)
             ... on level 2 of the Dungeon.
             The game lasted 00:04:10 (1183 turns).

Descartes the Grasshopper (Naga Warper)             Turns: 1183, Time: 00:04:10

Health: -8/33      AC:  2    Str: 14    XL:     3   Next: 31%
Magic:  6/6        EV:  9    Int: 13    God:
Gold:   74         SH:  0    Dex: 10    Spells: 6/6 levels left

rFire    . . .     SeeInvis +   a - +0 falchion
rCold    . . .     Gourm    .   (no shield)
rNeg     . . .     Faith    .   h - +0 leather armour
rPois    +         Spirit   .   (no helmet)
rElec    .         Reflect  .   (no cloak)
rCorr    .         Harm     .   (no gloves)
MR       .....                  (no barding)
Stlth    ++........             (no amulet)
HPRegen  0.11/turn              (no ring)
MPRegen  0.10/turn              (no ring)

@: very slow
A: large, see invisible, deformed body, poison resistance, slowness 2, slow
metabolism 1, spit poison 1, AC +1
a: Spit Poison


You were on level 2 of the Dungeon.
You were not hungry.

You visited 1 branch of the dungeon, and saw 2 of its levels.

You collected 74 gold pieces.

Inventory:

Hand Weapons
 a - a +0 falchion (weapon)
 b - a +0 hunting sling
Missiles
 c - 25 stones
 e - 5 boomerangs of dispersal (quivered)
 n - 14 bolts
 p - 11 arrows
 q - 11 boomerangs
Armour
 h - a +0 leather armour (worn)
 i - a +0 ring mail
 o - a cursed +0 plate armour
Scrolls
 d - a scroll of blinking
 g - 2 scrolls of teleportation {unknown}
 j - a scroll of remove curse {unknown}
 l - a scroll of enchant armour {unknown}
 m - 2 scrolls of identify {unknown}
 r - a scroll of immolation {unknown}
Potions
 k - a potion of curing {unknown}
Comestibles
 f - 5 rations
 s - 3 chunks of flesh


   Skills:
 + Level 2.4 Fighting
 + Level 2.4 Long Blades
 + Level 1.1 Throwing
 - Level 0.7 Armour
 - Level 1.5 Dodging
 + Level 2.0 Stealth
 + Level 2.3 Spellcasting
   Level 3.0 Translocations


You had 6 spell levels left.
You didn't know any spells.
Your spell library contained the following spells:

 Spells                   Type           Power        Failure   Level  Hunger
 Blink                    Tloc           N/A          14%         2    ###....
 Shroud of Golubria       Chrm/Tloc      #.....       26%         2    ###....
 Gell's Gravitas          Tloc           #.........   26%         3    ###....
 Lesser Beckoning         Tloc           #.........   26%         3    ###....
 Teleport Other           Tloc           #.......     26%         3    ###....
 Passage of Golubria      Tloc           N/A          65%         4    #####..


Dungeon Overview and Level Annotations

Branches:
Dungeon (2/15)

Altars:


Innate Abilities, Weirdness & Mutations

You cannot wear boots.
Your serpentine skin is tough. (AC +1)
You have supernaturally acute eyesight. (SInv)
Armour fits poorly on your strangely shaped body.
Your system is resistant to poisons. (rPois)
You cover ground very slowly.
You have a slow metabolism.
You can spit poison.


Message History

Your Stealth skill increases to level 2!
The gnoll hits you but does no damage.
The gnoll hits you from afar with a +0 spear.
The gnoll barely misses you.
You have got your breath back.
The gnoll hits you from afar with a +0 spear.
The gnoll hits you from afar with a +0 spear!
* * * LOW HITPOINT WARNING * * *
The gnoll hits you from afar with a +0 spear.
* * * LOW HITPOINT WARNING * * *
There is an open door here.
You close the door.
A gnoll opens the door.
The gnoll barely misses you.
You close the door.
A gnoll opens the door.
The gnoll hits you from afar with a +0 spear!
* * * LOW HITPOINT WARNING * * *
You close the door.
A gnoll opens the door.
The gnoll hits you but does no damage.
You close the door.
A gnoll opens the door.
The gnoll hits you from afar with a +0 spear!
You die...

#.# #.# #......... #.#
#.####.........
###+####....'.........
####........####.........
#.>.........# #.........
#...........####.........
#.......gg....##.........
#....#'#'####.##.........
+......#@# #)##.........
#.....##.####g##.........
#....................##+#
#.....##.#......g....+
#####.##.#...........#
######....#.......(...#
#.......#.#...(.......#
#.......##########......
#.......# #.#.#(#.


You could see 2 gnolls.

Vanquished Creatures
  An adder (D:2)
  A gnoll (D:2)
  2 dart slugs
  3 bats (D:1)
  2 frilled lizards (D:1)
  2 goblins (D:2)
  A kobold (D:2)
  3 rats
15 creatures vanquished.

Notes
Turn   | Place    | Note
-------+----------+-------------------------------------------
     0 | D:1      | Descartes the Naga Warper began the quest for the Orb.
     0 | D:1      | Reached XP level 1. HP: 19/19 MP: 3/3
   354 | D:1      | Reached skill level 1 in Stealth
   389 | D:1      | Reached XP level 2. HP: 26/26 MP: 5/5
   874 | D:2      | Reached skill level 1 in Throwing
  1131 | D:2      | Reached XP level 3. HP: 33/33 MP: 6/6
  1183 | D:2      | Mangled by a gnoll

Illustrated notes

Levels and vault maps discovered:
D:1:      dpeg_arrival_signposts, layout_loops_ring
D:2:      layout_basic, chequers_ecumenical_altar_island, kennysheep_doodads,
          st_stairs_10

Skill      XL: |  1  2  3 |
---------------+----------+-----
Stealth        | 1 2 |  2.0
Throwing       | 1 |  1.1
Fighting       | |  2.4
Long Blades    | |  2.4
Armour         | |  0.7
Dodging        | |  1.5
Spellcasting   | |  2.3
Translocations | |  3.0

Action                   || total
-------------------------++-------
Melee: Falchion          ||    15
 Fire: Hunting sling     ||    14
 Abil: Spit Poison       ||    14
  Eat: Chunk             ||     1
Armor: Leather armour    ||     8
Dodge: Dodged            ||    16
       Rpst.: Falchion   ||     4
